 Dungeon Crawl Stone Soup version 0.30-a0-365-ge7f957f1db (webtiles) character file.

Game seed: 15723152899078560606

549 kae the Changer (level 7, 0/52 HPs)
             Began as a Grey Draconian Transmuter on Nov 17, 2022.
             Succumbed to a water moccasin's poison
             ... on level 4 of the Dungeon.
             The game lasted 00:02:43 (2575 turns).

kae the Changer (Grey Draconian Transmuter)         Turns: 2575, Time: 00:02:44

Health: 0/52       AC:  2    Str: 13    XL:     7   Next: 7%
Magic:  9/12       EV: 19    Int: 15    God:
Gold:   196        SH:  0    Dex: 16    Spells: 7/13 levels left

rFire   . . .      SeeInvis .      - Unarmed
rCold   . . .      Faith    .    (shield currently unavailable)
rNeg    . . .      Spirit   .    (body armour unavailable)
rPois   x          Reflect  .    (helmet currently unavailable)
rElec   .          Harm     .    (cloak currently unavailable)
rCorr   .          Rampage  .    (gloves currently unavailable)
Will    +....                    (boots currently unavailable)
Stlth   +.........               (no amulet)
HPRegen 0.28/turn                L - ring of flight
MPRegen 0.13/turn                e - ring of willpower

@: lethally poisoned (0 -> -15), spider-form, flying
A: venomous fangs, AC +11, (amphibious), tiny, unfitting armour, (cold-blooded)
a: End Transformation


You were on level 4 of the Dungeon.
You were a venomous arachnid creature.
You visited 1 branch of the dungeon, and saw 4 of its levels.

You collected 196 gold pieces.


Innate Abilities, Weirdness & Mutations

You are a venomous arachnid creature.
You have poisonous fangs.
You are tiny and dextrous.
Your spellcasting is less reliable in this form.
Your armour is entirely melded.
You are incapable of wielding weapons or throwing items.
((Your dull iron-grey scales are very hard. (AC +11)))
((You are amphibious.))
You cannot fit into any form of body armour.
((You are cold-blooded and may be slowed by cold attacks.))


   Skills:
 - Level 1.1 Fighting
 - Level 1.7 Dodging
 + Level 4.6 Unarmed Combat
 + Level 3.9 Spellcasting
 * Level 5.7 Transmutations


You had 7 spell levels left.
You knew the following spells:

 Your Spells              Type           Power      Damage    Failure   Level
a - Beastly Appendage     Tmut           40%        N/A       8%          1
b - Wereblood             Tmut           20%        N/A       10%         2
c - Spider Form           Tmut/Pois      11%        N/A       36%         3

Your spell library contained the following spells:

 Spells                   Type           Power      Damage    Failure   Level
 Kiss of Death            Conj/Necr      8%         2d6       38%         1
 Shock                    Conj/Air       8%         1d3       38%         1
 Slow                     Hex            8%         N/A       38%         1
 Confusing Touch          Hex            2%         N/A       71%         3
 Gell's Gravitas          Tloc           2%         N/A       71%         3
 Swiftness                Air            2%         N/A       71%         3
 Teleport Other           Tloc           2%         N/A       71%         3
 Vampiric Draining        Necr           2%         2d6       71%         3
 Ice Form                 Ice/Tmut       11%        N/A       71%         4
 Airstrike                Air            1%         2d(1-17)  96%         4
 Dispel Undead            Necr           2%         3d7       96%         4
 Dispersal                Tloc           1%         N/A       100%        6

Inventory:

Missiles
 d - 26 stones
 f - 4 poisoned darts
 i - 3 boomerangs
Armour
 k - the +1 Delatra's gloves (melded) {ID++}
   (You found it on level 4 of the Dungeon)

   It heals its wearer when they drink unknown potions.
   It restores its wearer's MP when they read unknown scrolls.
Magical Staves
 h - a staff of earth {!a}
   (You found it on level 3 of the Dungeon)
Jewellery
 e - a ring of willpower (right front leg)
   (You found it on level 3 of the Dungeon)
 g - a ring of willpower
   (You found it on level 3 of the Dungeon)
 L - a ring of flight (left front leg)
   (You found it on level 1 of the Dungeon)
Potions
 a - a potion of lignification {!q}
 b - a potion of attraction {!q}
 c - a potion of degeneration {unknown}

Dungeon Overview and Level Annotations

Branches:
Dungeon (4/15) Zot: 21437
 Temple: D:4-7

Altars:
Ashenzari

.........#........#
........(................
#.†......#.<..............
#.#.......................
..#.†.....................
..##...#####....##........
#........# #....##........
....####.###..†.##...?....
...........+....s.........
....####.###....##.#####.
.........# #....##..#
########## ########.#
♣♣♣.♣ ♣♣...♣ ♣♣..♣♣♣
♣♣♣♣♣♣ ♣..♣♣ ♣♣..... ♣♣♣
♣♣.♣ ♣...♣♣♣


There were no monsters in sight!


Message History

Key pressed, stopping explore.
Unknown command. 😎 MP[+1]
Your mp is fully restored (11).
Unknown command.
You now have 196 gold pieces (gained 15).
You pick up a book of Debilitation and begin reading...
You add the spells Slow and Vampiric Draining to your library.
An iguana comes into view.
An iguana is nearby!
An iguana is nearby!
Casting: Spider Form (dangerous; 21% risk of failure)
Confirm with . or Enter, or press ? or * to list all spells.
You turn into a venomous arachnid creature.
The +1 Delatra's gloves {ID++} melds into your body.
The iguana hisses angrily.
The iguana bites you! 😕 HP[-8] MP[-3]
You take 8 damage, and now have 39/47 hp.
You lost 3 mp, and now have 8/11 mp.
You hit the iguana but do no damage.
The iguana is poisoned.
The iguana barely misses you.
You hit the iguana but do no damage.
The iguana looks as sick as possible!
The iguana completely misses you.
An iguana is nearby!
You hit the iguana but do no damage.
The iguana looks as sick as possible!
The iguana barely misses you.
You hit the iguana.
The iguana looks as sick as possible!
You kill the iguana! 😕 HP[+1]
Your transformation is almost over.
Your transformation has ended.
The +1 Delatra's gloves {ID++} unmelds from your body. 😕 HP[+3] MP[+2]
You regained 3 hp, and now have 43/47 hp.
You regained 2 mp, and now have 10/11 mp.
A bullfrog comes into view.
The bullfrog moves out of view. 😎 HP[+4] MP[+1]
Your hp is fully restored (47).
Your mp is fully restored (11).
A water moccasin is nearby!
A water moccasin is nearby!
A water moccasin is nearby!
Casting: Spider Form (dangerous; 19% risk of failure)
Confirm with . or Enter, or press ? or * to list all spells.
You turn into a venomous arachnid creature.
The +1 Delatra's gloves {ID++} melds into your body.
The water moccasin hisses angrily. 😎 MP[-3]
You lost 3 mp, and now have 8/11 mp.
The bullfrog hits you.
The bullfrog barely misses you. 😕 HP[-4]
You take 4 damage, and now have 43/47 hp.
There are monsters nearby!
You closely miss the bullfrog. The bullfrog completely misses you.
You bite the bullfrog!
The bullfrog is poisoned.
The bullfrog hits you! 😕 HP[-7]
You take 7 damage, and now have 36/47 hp.
You hit the bullfrog but do no damage.
The bullfrog looks as sick as possible!
The bullfrog closely misses you. The water moccasin closely misses you.
The bullfrog misses you.
You bite the bullfrog!
The bullfrog looks as sick as possible!
You kill the bullfrog!
The water moccasin bites you. 😮 HP[-2] MP[+1]
You take 2 damage, and now have 34/47 hp.
You closely miss the water moccasin. The water moccasin closely misses you.
The water moccasin bites you!
You are too injured to fight recklessly! 😮 HP[-8]
You take 8 damage, and now have 26/47 hp.
You barely miss the water moccasin. The water moccasin closely misses you.
You bite the water moccasin! The water moccasin barely misses you.
Unknown command.
You hit the water moccasin.
The water moccasin is poisoned.
The water moccasin bites you!
* * * LOW HITPOINT WARNING * * *
You are lethally poisoned!
The water moccasin poisons you!
The water moccasin closely misses you. 😨 HP[-7]
You take 7 damage, and now have 19/47 hp.
You hit the water moccasin.
The water moccasin looks as sick as possible!
* * * LOW HITPOINT WARNING * * *
You feel very sick. The water moccasin bites you!
* * * LOW HITPOINT WARNING * * *
😱 HP[-13]
You take 13 damage, and now have 6/47 hp.
MASSIVE DAMAGE!! (PAUSE)
You bite the water moccasin!
You kill the water moccasin!
* * * LOW HITPOINT WARNING * * *
You feel very sick.
You have reached level 7!
Your scales start taking on a dull iron-grey colour.
You learn Air Magic much slower.
You learn Earth Magic much quicker. 😱 HP[-2]
You now have 52 max hp (+5).
You die...

Skill      XL: |  1  2  3  4  5 |
---------------+----------------+-----
Transmutations | 3 4 5 |  5.7
Spellcasting   | 3 |  3.9
Unarmed Combat | 4 |  4.6
Fighting       | |  1.1
Dodging        | |  1.7

Action                   |  1- 3 |  4- 6 |  7- 9 || total
-------------------------+-------+-------+-------++-------
Melee: Unarmed           |   100 |   110 |       ||   210
       Kick              |    15 |     5 |       ||    20
       Tailslap          |    10 |    10 |       ||    20
       Headbutt          |     9 |     6 |       ||    15
       Punch             |     1 |       |       ||     1
 Cast: Beastly Appendage |    19 |     6 |       ||    25
       Spider Form       |       |     6 |       ||     6
  Use: Scroll            |     6 |       |       ||     6
       Potion            |       |     1 |       ||     1
 Stab: Sleeping          |       |     1 |       ||     1
Armor: Skin              |    22 |    17 |       ||    39
Dodge: Dodged            |    67 |    79 |       ||   146

Levels and vault maps discovered:
D:1:      lightli_arrival_statuegarden, layout_basic
D:2:      layout_loops_cross
D:3:      layout_basic, nicolae_overflow_ecumenical_swirl,
          ebering_ecumenical_altar_sacrificial
D:4:      kb_forest_paths, layout_basic

Notes
Turn   | Place    | Note
-------+----------+-------------------------------------------
     0 | D:1      | kae the Draconian Transmuter began the quest for the Orb.
     0 | D:1      | Reached XP level 1. HP: 16/16 MP: 3/3
     0 | D:1      | magus.rc [v1.11.3]
   192 | D:1      | Reached XP level 2. HP: 23/23 MP: 3/5
   592 | D:2      | You add the spells Gell's Gravitas, Teleport Other and
                  | Dispersal to your library.
   678 | D:2      | Reached skill level 3 in Transmutations
   859 | D:2      | Reached XP level 3. HP: 21/28 MP: 4/6
   863 | D:2      | Learned a level 2 spell: Wereblood
   867 | D:2      | Learned a level 3 spell: Spider Form
  1080 | D:2      | You pick up a book of Touch and begin reading...
  1080 | D:2      | You add the spells Kiss of Death, Confusing Touch and
                  | Dispel Undead to your library.
  1466 | D:3      | Found a faded altar of an unknown god.
  1469 | D:3      | Found a broken altar of Ashenzari.
  1747 | D:3      | Found a faded altar of an unknown god.
  1854 | D:4      | Reached XP level 4. HP: 27/35 MP: 5/8
  1902 | D:4      | You pick up a book of Air and begin reading...
  1902 | D:4      | You add the spells Shock, Swiftness and Airstrike to your
                  | library.
  1936 | D:4      | Reached skill level 3 in Spellcasting
  1936 | D:4      | Reached skill level 4 in Transmutations
  1959 | D:4      | Reached XP level 5. HP: 23/40 MP: 5/9
  2092 | D:4      | HP: 6/40 [acid (7)]
  2093 | D:4      | HP: 2/40 [acid (4)]
  2101 | D:4      | Noticed a water moccasin
  2289 | D:4      | Found the +1 Delatra's gloves {ID++}
  2353 | D:4      | Reached skill level 4 in Unarmed Combat
  2421 | D:4      | Noticed an ogre
  2433 | D:4      | Killed an ogre
  2434 | D:4      | Reached skill level 5 in Transmutations
  2434 | D:4      | Reached XP level 6. HP: 47/47 MP: 6/11
  2514 | D:4      | You pick up a book of Debilitation and begin reading...
  2514 | D:4      | You add the spells Slow and Vampiric Draining to your
                  | library.
  2573 | D:4      | HP: 6/47 [water moccasin (7)]
  2574 | D:4      | Killed a water moccasin
  2575 | D:4      | Your scales start taking on a dull iron-grey colour.
  2575 | D:4      | Reached XP level 7. HP: 4/52 MP: 9/12
  2575 | D:4      | Succumbed to a water moccasin's poison

Vanquished Creatures
  A water moccasin (D:4)
  An ogre (D:4)
  A bullfrog (D:4)
  2 howler monkeys (D:4)
  An orc priest (D:4)
  A jelly (D:4)
  A hound (D:4)
  2 iguanas (D:4)
  2 adders
  3 dart slugs
  5 orcs
  5 endoplasms
  2 giant cockroaches
  6 goblins
  8 hobgoblins
  3 jackals (D:4)
  5 quokkas
  5 ball pythons
  A bat (D:1)
  A frilled lizard (D:1)
  3 kobolds
  3 rats
62 creatures vanquished.

Table legend:
 A = Non-vault XP
 B = Vault XP
 C = Vault XP percentage of total XP
 D = Non-vault monster count
 E = Vault monster count
 F = Vault count percentage of total count
                 A         B        C        D         E       F
            +---------+---------+-------+---------+---------+-------
      Total |     484 |     301 |  38.3 |      56 |       6 |   9.7
            +---------+---------+-------+---------+---------+-------
        D:1 |      21 |       0 |   0.0 |      12 |       0 |   0.0
        D:2 |      34 |       0 |   0.0 |      17 |       0 |   0.0
        D:3 |      27 |       0 |   0.0 |       7 |       0 |   0.0
        D:4 |     402 |     301 |  42.8 |      20 |       6 |  23.1
            +---------+---------+-------+---------+---------+-------

Illustrated notes

Table legend:
 A = Kills in this place as a percentage of kills in entire the game.
 B = Kills by you in this place as a percentage of kills by you in the entire game.
 C = Kills by friends in this place as a percentage of kills by friends in the entire game.
 D = Other kills in this place as a percentage of other kills in the entire game.
 E = Experience gained in this place as a percentage of experience gained in the entire game.
 F = Experience gained in this place divided by the number of levels of this place that you have seen.
                   A       B       C       D       E      F
               +-------+-------+-------+-------+-------+----------------------
         Total | 100.0 | 100.0 |   N/A |   N/A | 100.0 | 196.2
       Dungeon | 100.0 | 100.0 |   N/A |   N/A | 100.0 | 196.2
               +-------+-------+-------+-------+-------+----------------------

Table legend: (Time is in decaauts)
 A = Elapsed time spent in this place.
 B = Non-inter-level travel time spent in this place.
 C = Inter-level travel time spent in this place.
 D = Time resting spent in this place.
 E = Time spent auto-exploring this place.
 F = Levels seen in this place.
 G = Mean time per level.
                   A        B        C        D        E       F      G
               +--------+--------+--------+--------+--------+-----+--------+
         Total |   2562 |   2481 |     81 |     70 |   1944 |   4 |  640.5 |
       Dungeon |   2562 |   2481 |     81 |     70 |   1944 |   4 |  640.5 |
               +--------+--------+--------+--------+--------+-----+--------+

Top non-repeatable levels by time:
     D:3: 698 daAuts
     D:2: 698 daAuts
     D:4: 636 daAuts
     D:1: 528 daAuts
